 Dungeon Crawl Stone Soup version 0.29.0-4-gdea44cf6ec (webtiles) character file.

Game seed: 12971981730157463152

54 qw the Chopper (level 3, -2/21 HPs)
             Began as a Tengu Warper on Aug 28, 2022.
             Slain by a goblin
             ... wielding a +0 club
              (4 damage)
             ... on level 3 of the Dungeon.
             The game lasted 00:00:10 (1692 turns).

qw the Chopper (Tengu Warper)                       Turns: 1692, Time: 00:00:10

Health: -2/21      AC:  6    Str: 13    XL:     3   Next: 91%
Magic:  7/7        EV:  9    Int: 13    God:
Gold:   54         SH:  0    Dex: 13    Spells: 6/6 levels left

rFire   . . .      SeeInvis .   Y - +0 hand axe
rCold   . . .      Faith    .   (no shield)
rNeg    . . .      Spirit   .   i - +0 scale mail
rPois   .          Reflect  .   (helmet restricted)
rElec   .          Harm     .   (no cloak)
rCorr   .          Rampage  .   (no gloves)
Will    .....                   (boots unavailable)
Stlth   ..........              (no amulet)
HPRegen 0.07/turn               (no ring)
MPRegen 0.10/turn               (no ring)

@: no status effects
A: beak, talons 3
a: no special abilities


You were on level 3 of the Dungeon.
You visited 1 branch of the dungeon, and saw 3 of its levels.

You collected 54 gold pieces.


Innate Abilities, Weirdness & Mutations

You have a beak for a mouth.
You have claws for feet.


   Skills:
 - Level 2.0 Fighting
 + Level 4.5 Axes
 - Level 1.0 Throwing
 - Level 1.1 Armour
 - Level 2.1 Dodging
 - Level 2.0 Spellcasting
 - Level 2.4 Translocations


You had 6 spell levels left.
You didn't know any spells.
Your spell library contained the following spells:

 Spells                   Type           Power      Damage    Failure   Level
 Blink                    Tloc           14%        N/A       56%         2
 Gell's Gravitas          Tloc           7%         N/A       80%         3
 Lesser Beckoning         Tloc           7%         N/A       80%         3
 Teleport Other           Tloc           7%         N/A       80%         3
 Manifold Assault         Tloc           7%         N/A       100%        5

Inventory:

Hand Weapons
 k - a +0 whip
 Y - a +0 hand axe (weapon)
Armour
 i - a +0 scale mail (worn)
Scrolls
 b - a scroll of noise {unknown}
Potions
 a - a potion of lignification {unknown}
 e - a potion of cancellation {unknown}
 f - a potion of berserk rage {unknown}
 g - a potion of resistance {unknown}
 j - a potion of might {unknown}

Dungeon Overview and Level Annotations

Branches:
Dungeon (2/15)

Altars:
Elyvilon

Shops:
D:1 =


Message History

The orc is severely wounded.
The orc barely misses you.
You hit the orc but do no damage. You claw the orc, but do no damage.
The orc is severely wounded.
You hit the orc but do no damage. The orc hits you with a +0 short sword.
You hit the orc but do no damage. You claw the orc, but do no damage.
The orc is severely wounded.
You hit the orc. You hit the orc but do no damage.
The orc hits you with a +0 whip. The orc completely misses you.
The orc closely misses you.
You hit the orc but do no damage.
The orc is severely wounded.
You closely miss the orc. x2
The orc hits you but does no damage. The orc hits you with a +0 whip.
The orc hits you with a +0 short sword.
1687 ||| Stepping ~*~*~tactically~*~*~ (stealth).
The orc attacks as you move away! The orc closely misses you.
The orc attacks as you move away! The orc closely misses you.
A goblin comes into view. It is wielding a +0 club.
The goblin shouts!
You hear a shout! x2
You slash the orc!
You kill the orc!
You hit the orc but do no damage. You barely miss the goblin.
The goblin hits you but does no damage. The orc hits you with a +0 whip.
You hit the orc.
The orc is severely wounded.
You barely miss the goblin. The goblin closely misses you.
A frilled lizard comes into view.
The frilled lizard hisses angrily.
You hit the orc wizard but do no damage.
You claw the orc wizard, but do no damage.
Your punch misses the orc wizard. You completely miss the goblin.
The goblin hits you with a +0 club.
You closely miss the orc wizard. You claw the orc wizard.
The orc wizard is moderately wounded.
You closely miss the goblin. The goblin hits you with a +0 club.
You die...

#.# #.# #.#
#.# #.#####
#.#
#.l...g##.#
#@#.# ##o.#
#oo# ##..#
#..)#
#....g.#
##..#.#.#
#o.......
#..#.#.###


You could see an orc wizard, 2 orcs, a hobgoblin, a goblin and a frilled lizard.

Vanquished Creatures
  An adder (D:2)
  2 worms (D:2)
  A dart slug (D:1)
  An orc (D:3)
  4 ball pythons
  4 endoplasms
  2 goblins
  2 hobgoblins
  2 jackals (D:2)
  3 quokkas
  2 bats (D:1)
  2 frilled lizards (D:2)
  6 kobolds
  3 rats
35 creatures vanquished.

Notes
Turn   | Place    | Note
-------+----------+-------------------------------------------
     0 | D:1      | qw the Tengu Warper began the quest for the Orb.
     0 | D:1      | Reached XP level 1. HP: 12/12 MP: 4/4
     0 | D:1      | 0 ||| qw: Version: 0.1-a-89-g26bdef1
     0 | D:1      | 0 ||| qw: Game counter: 1946
     0 | D:1      | 0 ||| qw: Always use a shield: true
     0 | D:1      | 0 ||| qw: God list: Okawaru
     0 | D:1      | 0 ||| qw: Allow faded altars: false
     0 | D:1      | 0 ||| qw: Do Orc after D:15 true
     0 | D:1      | 0 ||| qw: Do second Lair branch before Depths: true
     0 | D:1      | 0 ||| qw: Lair rune preference: random
     0 | D:1      | 0 ||| qw: Plans: Normal
     0 | D:1      | 0 ||| PLANNING D:1-11
    55 | D:1      | 55 ||| DROPPING scroll of blinking.
    60 | D:1      | 60 ||| Stepping randomly (stuck).
   104 | D:1      | Reached XP level 2. HP: 17/17 MP: 6/6
   145 | D:1      | Reached skill level 3 in Axes
   779 | D:1      | Found a faded altar of an unknown god.
   870 | D:1      | Found Dubrealat's Jewellery Boutique.
   880 | D:1      | 880 ||| SHOPLISTING +4 ring of evasion (396 gold, have 15).
   880 | D:1      | 880 ||| SHOPLISTING +4 ring of slaying (858 gold, have 15).
   880 | D:1      | 880 ||| SHOPLISTING amulet of guardian spirit (330 gold,
                  | have 15).
   880 | D:1      | 880 ||| SHOPLISTING ring of protection from fire (275 gold,
                  | have 15).
   880 | D:1      | 880 ||| SHOPLISTING ring of see invisible (165 gold, have
                  | 15).
  1037 | D:1      | 1037 ||| UPGRADING to +0 scale mail.
  1047 | D:1      | 1047 ||| DROPPING +0 leather armour.
  1048 | D:1      | 1048 ||| READING scroll labelled DIUBOXZIOM.
  1049 | D:1      | 1049 ||| READING scroll labelled NES UPTOMIONAR.
  1050 | D:1      | 1050 ||| READING scroll labelled NOMASAUROJ.
  1250 | D:2      | 1250 ||| Stepping ~*~*~tactically~*~*~ (stealth).
  1252 | D:2      | 1252 ||| Stepping ~*~*~tactically~*~*~ (stealth).
  1253 | D:2      | 1253 ||| FLEEEEING.
  1254 | D:2      | 1254 ||| FLEEEEING.
  1255 | D:2      | 1255 ||| FLEEEEING.
  1256 | D:2      | 1256 ||| FLEEEEING.
  1257 | D:2      | 1257 ||| FLEEEEING.
  1258 | D:2      | 1258 ||| FLEEEEING.
  1259 | D:2      | 1259 ||| FLEEEEING.
  1260 | D:2      | 1260 ||| FLEEEEING.
  1261 | D:2      | 1261 ||| FLEEEEING.
  1262 | D:2      | 1262 ||| FLEEEEING.
  1263 | D:2      | 1263 ||| FLEEEEING.
  1264 | D:2      | 1264 ||| FLEEEEING.
  1265 | D:2      | 1265 ||| FLEEEEING.
  1266 | D:2      | 1266 ||| FLEEEEING.
  1268 | D:2      | 1268 ||| FLEEEEING.
  1269 | D:2      | 1269 ||| FLEEEEING.
  1270 | D:2      | 1270 ||| FLEEEEING.
  1271 | D:2      | 1271 ||| FLEEEEING.
  1272 | D:2      | 1272 ||| FLEEEEING.
  1273 | D:2      | 1273 ||| FLEEEEING.
  1279 | D:2      | Reached XP level 3. HP: 20/21 MP: 7/7
  1363 | D:2      | Reached skill level 4 in Axes
  1661 | D:2      | Found a white marble altar of Elyvilon.
  1662 | D:2      | You fall into a shaft and drop 1 floor!
  1674 | D:3      | 1674 ||| Stepping ~*~*~tactically~*~*~ (stealth).
  1681 | D:3      | 1681 ||| Stepping ~*~*~tactically~*~*~ (stealth).
  1682 | D:3      | 1682 ||| Stepping ~*~*~tactically~*~*~ (stealth).
  1687 | D:3      | 1687 ||| Stepping ~*~*~tactically~*~*~ (stealth).
  1689 | D:3      | HP: 5/21 [orc/+0 whip (2)]
  1691 | D:3      | HP: 2/21 [goblin/+0 club (3)]
  1692 | D:3      | Slain by a goblin

Levels and vault maps discovered:
D:1:      minmay_arrival_four_houses, layout_basic, basic_ecumenical_altar,
          serial_shops, shop_fountains, minmay_strange_pillars,
          minmay_misc_feat_diagonals
D:2:      layout_basic, serial_shops, shop_statue, basic_altar,
          kennysheep_decorative_pillar, chequers_garden, uniq_sigmund
D:3:      layout_loops_ring, uniq_robin, uniq_crazy_yiuf_cottage

Skill      XL: |  1  2  3 |
---------------+----------+-----
Axes           | 3 4 |  4.5
Fighting       | |  2.0
Throwing       | |  1.0
Armour         | |  1.1
Dodging        | |  2.1
Spellcasting   | |  2.0
Translocations | |  2.4

Action                   || total
-------------------------++-------
Melee: Hand axe          ||    88
       Peck              ||    17
       Kick              ||    24
       Punch             ||     1
Throw: Boomerang         ||     7
  Use: Scroll            ||     3
Armor: Leather armour    ||    10
       Scale mail        ||    24
Dodge: Dodged            ||    49

Table legend:
 A = Non-vault XP
 B = Vault XP
 C = Vault XP percentage of total XP
 D = Non-vault monster count
 E = Vault monster count
 F = Vault count percentage of total count
                 A         B        C        D         E       F
            +---------+---------+-------+---------+---------+-------
      Total |      78 |       0 |   0.0 |      35 |       0 |   0.0
            +---------+---------+-------+---------+---------+-------
        D:1 |      28 |       0 |   0.0 |      16 |       0 |   0.0
        D:2 |      44 |       0 |   0.0 |      16 |       0 |   0.0
        D:3 |       6 |       0 |   0.0 |       3 |       0 |   0.0
            +---------+---------+-------+---------+---------+-------
